cohdb
Replays
Latest Replays
All Replays
Popular Replays
Top Player Replays
Match Explorer
How It Works
Community
CoH3 Stats
Reddit
Sign in to upload your games and track your stats! →
Sign in with Steam
Match 30470235
Unlisted
Match 30470235
Overview
Messages
Build Orders
End
Kradschützen Motorcycle Team
Panzerpioneer Squad
250 Light Carrier
Construct Light Support Kompanie
2.5-tonne Medical Truck
Selects Italian Infantry
Construct Mechanized Kompanie
Selects Guastatori Squad
Guastatori Squad
Veteran Squad Leaders
Guastatori Squad
Construct Panzerarmee Kommand
Selects Registered Artillery
Dying Hentai
VALENCIA
TidaL
克劳塞尔
SKILL
Uthas
theBruhJM
张白给
0
0
Comments
sign in to comment!
No comments posted yet!